 Dungeon Crawl Stone Soup version 0.28-a0-1447-ga5a8893891 (webtiles) character file.

Game seed: 5326403262601940284

364 ytrimaz the Insei (level 6, -3/49 HPs)
             Began as an Octopode Transmuter on Jan 11, 2022.
             Slain by an ogre (29 damage)
             ... on level 5 of the Dungeon.
             The game lasted 00:03:52 (4210 turns).

ytrimaz the Insei (Octopode Transmuter)             Turns: 4210, Time: 00:03:53

Health: -3/49      AC:  6    Str:  9    XL:     6   Next: 67%
Magic:  5/11       EV: 10    Int: 17    God:
Gold:   199        SH:  0    Dex: 13    Spells: 2/12 levels left

rFire   x . .      SeeInvis .     - Unarmed
rCold   + + +      Faith    .   (shield currently unavailable)
rNeg    . . .      Spirit   .   (helmet currently unavailable)
rPois   +          Reflect  .   (no amulet)
rElec   .          Harm     .   c - ring of wizardry
rCorr   .          Rampage  .   g - ring of protection from cold
Will    .....                   (no ring)
Stlth   +.........              (no ring)
HPRegen 0.16/turn               (no ring)
MPRegen 0.12/turn               (no ring)
                                (no ring)
                                (no ring)

@: ice-form, wereblooded
A: freezing attack, boosted hp, almost no armour, amphibious, 8 rings, large,
(camouflage 1), (gelatinous body 1), (nimble swimmer 1), (tentacles)
a: End Transformation


You were on level 5 of the Dungeon.
You were a creature of crystalline ice.
You visited 1 branch of the dungeon, and saw 5 of its levels.

You collected 199 gold pieces.

Inventory:

Jewellery
 c - a ring of wizardry (left front paw)
 g - a ring of protection from cold (right front paw)
Wands
 k - a wand of polymorph (2)
Scrolls
 b - 2 scrolls of magic mapping
 e - 2 scrolls of teleportation
 h - a scroll of enchant weapon
Potions
 a - 2 potions of curing
 d - 3 potions of invisibility
 i - a potion of cancellation
 n - a potion of mutation


   Skills:
 * Level 2.7 Fighting
 - Level 2.0 Dodging
 + Level 4.2 Unarmed Combat
 * Level 3.6 Spellcasting
 * Level 4.1 Transmutations
 + Level 0.1 Ice Magic
 + Level 0.7 Poison Magic


You had 2 spell levels left.
You knew the following spells:

 Your Spells              Type           Power      Damage    Failure   Level
a - Beastly Appendage     Tmut           34%        N/A       1%          1
b - Wereblood             Tmut           17%        N/A       1%          2
c - Spider Form           Tmut/Pois      11%        N/A       8%          3
d - Ice Form              Ice/Tmut       10%        N/A       26%         4

Your spell library contained the following spells:

 Spells                   Type           Power      Damage    Failure   Level
 Summon Small Mammal      Summ           12%        N/A       7%          1
 Ensorcelled Hibernation  Hex/Ice        6%         N/A       10%         2
 Call Canine Familiar     Summ           3%         N/A       21%         3
 Summon Guardian Golem    Hex/Summ       3%         N/A       21%         3
 Anguish                  Hex/Necr       1%         N/A       52%         4


Dungeon Overview and Level Annotations

Branches:
Dungeon (5/15)
 Temple: D:4-7

Altars:
Elyvilon
Gozag
Hepliaklqana
Okawaru
Trog
Xom
Yredelemnul


Innate Abilities, Weirdness & Mutations

You are a creature of crystalline ice.
You have a powerful freezing melee attack.
Your maximum health is increased.
Your armour is entirely melded.
You are incapable of wielding weapons or throwing items.
You cannot wear most types of armour.
You are amphibious.
You can wear up to eight rings at the same time.
((Your skin changes colour to match your surroundings (Stealth+).))
((Your rubbery body absorbs attacks. (AC +1, EV +1)))
((You are camouflaged when in or above water. (Stealth+)))
((You have tentacles for arms and can constrict up to eight enemies at once.))


Message History

The scroll dissolves into smoke.
It was a scroll of fog.
Unknown command.
As you read the scroll labelled IROJOIRUTE, it crumbles to dust.
You hear a loud clanging noise!
It was a scroll of noise.
Unknown command.
Things that are here:
a +0 club; a +0 shortbow
There is a stone staircase leading down here.
You climb downwards.
Found a potion of cancellation and 25 gold pieces.
There is a stone staircase leading up here.
An ogre comes into view. It is wielding a +0 giant club.
An ogre is nearby! 3 orcs come into view.
An orc is wielding a +0 whip of draining.
Found a book of Displacement.
The ogre shouts!
There is a stone staircase leading up here.
Casting: Ice Form (quite dangerous; 26% risk of failure)
Confirm with . or Enter, or press ? or * to list all spells.
The spell is quite dangerous to miscast (26% risk of failure)!
Continue anyway?
Okay, then.
Casting: Ice Form (quite dangerous; 26% risk of failure)
Confirm with . or Enter, or press ? or * to list all spells.
The spell is quite dangerous to miscast (26% risk of failure)!
Continue anyway?
You turn into a creature of crystalline ice.
Unknown command.
Casting: Ice Form (quite dangerous; 26% risk of failure)
Confirm with . or Enter, or press ? or * to list all spells.
Your blood is infused with primal strength.
Unknown command.
You punch the ogre! You freeze the ogre.
The ogre is heavily wounded.
The ogre hits you with a +0 giant club!!
You hit the ogre. You freeze the ogre.
The ogre is severely wounded.
The ogre hits you with a +0 giant club!!
Ouch! That really hurt!
You die...

.$ ..... ....
...##### ......#
......##..
##......... ##<.#
.... #..Y# .oo..
.......#O# #o....
.....###.##......
.......#.........
.!.........#####
....###...$# ...
##....# #.#....
#...##.O


You could see an ogre.

Vanquished Creatures
  An ogre (D:4)
  A scorpion (D:4)
  A water moccasin skeleton (D:4)
  A howler monkey (D:3)
  An iguana (D:4)
  5 adders
  A worm (D:3)
  A dart slug (D:1)
  7 bats
  6 endoplasms
  5 giant cockroaches
  2 goblins
  6 hobgoblins
  2 jackals (D:3)
  3 quokkas
  4 ball pythons
  3 frilled lizards
  4 kobolds
  5 rats
59 creatures vanquished.

Vanquished Creatures (others)
  A plant (D:1)
1 creature vanquished.

Grand Total: 60 creatures vanquished

Notes
Turn   | Place    | Note
-------+----------+-------------------------------------------
     0 | D:1      | ytrimaz the Octopode Transmuter began the quest for the
                  | Orb.
     0 | D:1      | Reached XP level 1. HP: 13/13 MP: 3/3
   212 | D:1      | Reached XP level 2. HP: 18/18 MP: 3/5
   307 | D:1      | Found a faded altar of an unknown god.
   649 | D:1      | Learned a level 2 spell: Wereblood
   904 | D:2      | Reached XP level 3. HP: 23/23 MP: 4/6
   908 | D:2      | Learned a level 3 spell: Spider Form
  1333 | D:2      | Reached XP level 4. HP: 25/29 MP: 5/7
  1927 | D:3      | Found a hazy altar of Hepliaklqana.
  2061 | D:3      | Reached XP level 5. HP: 12/34 MP: 9/9
  2514 | D:3      | Found a glowing golden altar of the Shining One.
  2516 | D:3      | Found a shimmering blue altar of Sif Muna.
  2516 | D:3      | Found a shimmering altar of Xom.
  2518 | D:3      | Found a basalt altar of Yredelemnul.
  2518 | D:3      | Found a white marble altar of Elyvilon.
  2518 | D:3      | Found a bloodstained altar of Trog.
  2638 | D:3      | Found an opulent altar of Gozag.
  2839 | D:4      | Noticed an ogre
  2907 | D:4      | Killed an ogre
  3314 | D:4      | Learned a level 4 spell: Ice Form
  3324 | D:4      | Reached XP level 6. HP: 41/41 MP: 1/11
  3525 | D:4      | Found an iron altar of Okawaru.
  4193 | D:5      | Entered Level 5 of the Dungeon
  4210 | D:5      | Slain by an ogre

Illustrated notes

Levels and vault maps discovered:
D:1:      sevenhm_arrival_forest_fort_large_4, layout_rooms,
          shapermc_ecumenical_altar_mp_ritualfount, grunt_decor_fettered
D:2:      layout_basic, kennysheep_decorative_pillar
D:3:      layout_basic, worldfamousw_hep_ancestral_shrine, doesnt_xom_only_xom,
          old_standard_altar
D:4:      nicolae_cairo_tiling, layout_loops_cross, okawaru_trees_2, minmay_bent
D:5:      layout_rooms, nicolae_wu_jian_wuxing_cycle, makhleb_altar_promises_db,
          serial_shops, nicolae_shop_behind_doors, nicolae_shop_stone, shop,
          nicolae_shop_hallway_stairs

Skill      XL: |  1  2  3  4  5  6 |
---------------+-------------------+-----
Fighting       | 2 |  2.7
Transmutations | 3 4 |  4.1
Spellcasting   | 3 |  3.6
Unarmed Combat | 4 |  4.2
Dodging        | |  2.0
Ice Magic      | |  0.1
Poison Magic   | |  0.7

Action                   |  1- 3 |  4- 6 || total
-------------------------+-------+-------++-------
Melee: Unarmed           |    64 |    68 ||   132
       Constrict         |    17 |    12 ||    29
       Tentacles         |    11 |     6 ||    17
       Kick              |    10 |    12 ||    22
       Punch             |       |     4 ||     4
 Cast: Beastly Appendage |    23 |    13 ||    36
       Spider Form       |     1 |     1 ||     2
       Ice Form          |       |     3 ||     3
       Wereblood         |       |     1 ||     1
  Use: Scroll            |     4 |     9 ||    13
 Stab: Sleeping          |     5 |     2 ||     7
Armor: Skin              |     2 |    21 ||    23
Dodge: Dodged            |    50 |    37 ||    87

Table legend: (Time is in decaauts)
 A = Elapsed time spent in this place.
 B = Non-inter-level travel time spent in this place.
 C = Inter-level travel time spent in this place.
 D = Time resting spent in this place.
 E = Time spent auto-exploring this place.
 F = Levels seen in this place.
 G = Mean time per level.
                   A        B        C        D        E       F      G
               +--------+--------+--------+--------+--------+-----+--------+
         Total |   4198 |   4058 |    140 |    223 |   3219 |   5 |  839.6 |
       Dungeon |   4198 |   4058 |    140 |    223 |   3219 |   5 |  839.6 |
               +--------+--------+--------+--------+--------+-----+--------+

Top non-repeatable levels by time:
     D:3: 1437 daAuts
     D:4: 1369 daAuts
     D:1: 702 daAuts
     D:2: 673 daAuts
     D:5: 16 daAuts
